 Dungeon Crawl Stone Soup version 0.17.0 (webtiles) character file.

133 craggadee the Cudgeler (level 4, -1/60 HPs)
             Began as a Minotaur Berserker on Nov 16, 2015.
             Was a Priest of Trog.
             Killed from afar by an orc wizard (10 damage)
             ... with a puff of flame
             ... on level 4 of the Dungeon on Nov 17, 2015.
             The game lasted 00:09:17 (2161 turns).

craggadee the Cudgeler (Minotaur Berserker)         Turns: 2161, Time: 00:09:18

Health: -1/60      AC:  6    Str: 28    XL:     4   Next: 94%
Magic:  3/3        EV:  5    Int:  4    God:    Trog [***...]
Gold:   48         SH: 13    Dex:  9    Spells: 0 memorised, 3 levels left

rFire  . . .     SeeInvis .     a - +0 mace
rCold  . . .     Clarity  .     D - +0 scale mail
rNeg   . . .     SustAt   .     g - +0 large shield
rPois  .         Gourm    .     (helmet restricted)
rElec  .         Spirit   .     (no cloak)
rCorr  .         Warding  .     (no gloves)
rMut   .         Stasis   .     (no boots)
MR     .....                    (no amulet)
Stlth  ..........               (no ring)
                                (no ring)

@: berserking, lethally poisoned (-1 -> -4), very quick, not resistant to
hostile enchantments, extremely unstealthy
A: retaliatory headbutt, horns 2
a: Berserk, Trog's Hand, Burn Spellbooks, Renounce Religion


You were on level 4 of the Dungeon.
You worshipped Trog.
Trog was most pleased with you.
You were hungry.

You visited 1 branch of the dungeon, and saw 4 of its levels.

You collected 48 gold pieces.

Inventory:

Hand Weapons
 a - a +0 mace (weapon)
Armour
 g - a +0 large shield (worn)
 D - a +0 scale mail (worn)
Jewellery
 b - an uncursed ring of magical power {unknown}
 q - a cursed ring of protection from fire {unknown}
 x - an uncursed ring of wizardry {unknown}
 y - an uncursed ring of poison resistance {unknown}
 z - an uncursed amulet of the gourmand {unknown}
 C - an uncursed amulet of warding {unknown}
Scrolls
 j - 2 scrolls of noise {unknown}
 m - 2 scrolls of teleportation {unknown}
 p - a scroll of identify {unknown}
 t - a scroll of random uselessness {unknown}
 u - a scroll of blinking {unknown}
 w - a scroll of remove curse {unknown}
Potions
 e - a potion of invisibility {unknown}
 h - 3 potions of heal wounds {unknown}
 i - a potion of cure mutation {unknown}
 k - a potion of degeneration {unknown}
 n - a potion of brilliance {unknown}
 o - a potion of flight {unknown}
 r - a potion of ambrosia {unknown}
 A - a potion of haste {unknown}
 B - a potion of poison {unknown}
Comestibles
 c - 3 bread rations
 f - 3 meat rations
 s - 5 chunks of flesh


   Skills:
 - Level 3.7 Fighting
 + Level 6.7 Maces & Flails
 - Level 2.4 Armour
 - Level 2.1 Dodging
 - Level 0.1 Stealth


You had 3 spell levels left.
You didn't know any spells.

Dungeon Overview and Level Annotations

Branches:
Dungeon (4/15)
 Temple: D:4-7

Altars:
Ashenzari
Makhleb
Vehumet
Yredelemnul
The Shining One


Innate Abilities, Weirdness & Mutations

You reflexively headbutt those who attack you in melee.
You have a pair of horns on your head.


Message History

You block the orc's attack.
The orc wizard mumbles some strange words.
The orc wizard seems to speed up.
You block the orc's attack.
Your shield prevents you from hitting the orc wizard.
You feel sick.
The orc wizard hits you but does no damage.
The orc hits you with a war axe. You block the orc's attack.
The orc wizard hits you but does no damage.
You hit the orc wizard. Your headbutt misses the orc wizard.
The orc wizard is moderately wounded.
The orc hits you with a war axe!
* * * LOW HITPOINT WARNING * * *
You block the orc wizard's attack. The orc hits you but does no damage.
A red film seems to cover your vision as you go berserk!
You feel yourself moving faster!
You feel mighty!
You are feeling hungry.
You feel sick. The orc wizard casts a spell at you. The puff of flame hits you!
You die...

#.####..
#).....#
##......
##......#
##.......#
###........##
#...........##
......[@.....#
...!..ooo.....#
...............
..........####.
.........##
.......###
......# #....#


You could see an orc wizard and 2 orcs.

Vanquished Creatures
  An orc wizard (D:3)
  2 adders
  An ooze (D:3)
  A worm (D:3)
  7 orcs
  6 bats
  3 giant cockroaches
  9 goblins
  7 hobgoblins
  4 jackals (D:2)
  12 kobolds
  3 giant geckos
  4 giant newts
  2 quokkas
  11 rats
73 creatures vanquished.

Notes
Turn   | Place    | Note
--------------------------------------------------------------
     0 | D:1      | craggadee the Minotaur Berserker began the quest for the Orb.
     0 | D:1      | Reached XP level 1. HP: 19/19 MP: 0/0
    79 | D:1      | Reached skill level 4 in Maces & Flails
   151 | D:1      | Reached XP level 2. HP: 21/27 MP: 1/1
   349 | D:1      | Reached ** piety under Trog
   658 | D:2      | Reached skill level 5 in Maces & Flails
   658 | D:2      | Reached XP level 3. HP: 31/33 MP: 2/2
  1003 | D:2      | Found a shattered altar of Ashenzari.
  1003 | D:2      | Found a glowing golden altar of the Shining One.
  1261 | D:2      | Found a radiant altar of Vehumet.
  1393 | D:3      | Found a burning altar of Makhleb.
  1437 | D:3      | Reached *** piety under Trog
  1491 | D:3      | Reached XP level 4. HP: 40/40 MP: 3/3
  1623 | D:3      | Reached skill level 6 in Maces & Flails
  1763 | D:3      | Found a basalt altar of Yredelemnul.
  2161 | D:4      | Killed from afar by an orc wizard

Action                   |  1- 3 |  4- 6 || total
-------------------------+-------+-------++-------
Melee: Mace              |   117 |    52 ||   169
Invok: Berserk           |       |     2 ||     2
  Eat: Chunk             |     2 |     3 ||     5
